TOP OF THE 1ST |
Broken Arrow HS batting - Pitching for Indianapolis HS Rifles : RHP Elwood Barrett
|
Pitching: RHP Elwood Barrett
|
|
Batting: RHB Ramón Santos
|
0-0: Called Strike 0-1: Ball 1-1: Ball 2-1: Ball 3-1: Foul Ball, location: 2F 3-2: Foul Ball, location: 2F 3-2: Strikes out looking
|
Batting: RHB Donnie Bryan
|
0-0: Foul Ball, location: 2F 0-1: Ball 1-1: Ball 2-1: Called Strike 2-2: Ball 3-2: SINGLE (Groundball, 6MD)
|
Batting: LHB Brian Lawson
|
0-0: Called Strike 0-1: Swinging Strike 0-2: Strikes out swinging
|
Batting: RHB Bo Long
|
0-0: Ball 1-0: Foul Ball, location: 2F 1-1: Foul Ball, location: 2F 1-2: DOUBLE (Line Drive, 9LM) Donnie Bryan to third Runner from 3rd tries for Home, SAFE, no throw
|
Batting: RHB James Thompson
|
0-0: Ball 1-0: Ground out 5-3 (Groundball, 56)
|
Top of the 1st over - 1 run(s), 2 hit(s), 0 error(s), 1 left on base; Broken Arrow HS 1 - Indianapolis HS 0 |
BOTTOM OF THE 1ST |
Indianapolis HS Rifles batting - Pitching for Broken Arrow HS : RHP Elvin Pierce
|
Pitching: RHP Elvin Pierce
|
|
Batting: RHB Howard Robinson
|
0-0: Called Strike 0-1: Foul Ball, location: 2F 0-2: Ball 1-2: Foul Ball, location: 2F 1-2: Ball 2-2: Ball 3-2: SOLO HOME RUN (Flyball, 7LD), Distance : 356 ft
|
Batting: LHB James Gibbons
|
0-0: Called Strike 0-1: Ball 1-1: Foul Ball, location: 2F 1-2: Ball 2-2: Foul Ball, location: 2F 2-2: SINGLE (Groundball, 34D)
|
Batting: RHB Dwayne Roldán
|
0-0: Called Strike 0-1: Ball 1-1: Foul Ball, location: 2F 1-2: Grounds into double play, 4-6-3 (Groundball, 4)
|
Batting: LHB Dave Sanders
|
0-0: Foul Ball, location: 2F 0-1: Ball 1-1: Called Strike 1-2: Strikes out swinging
|
Bottom of the 1st over - 1 run(s), 2 hit(s), 0 error(s), 0 left on base; Broken Arrow HS 1 - Indianapolis HS 1 |
TOP OF THE 2ND |
Broken Arrow HS batting - Pitching for Indianapolis HS Rifles : RHP Elwood Barrett
|
Batting: RHB Daniel Conner
|
0-0: Ball 1-0: Called Strike 1-1: Ball 2-1: SINGLE (Flyball, 9LS)
|
Batting: LHB Dennis Montgomery
|
0-0: Called Strike 0-1: Called Strike 0-2: Strikes out swinging
|
Batting: RHB Chris Lancaster
|
0-0: Called Strike 0-1: Foul Ball, location: 2F 0-2: Ball 1-2: SINGLE (Groundball, 4MD) Daniel Conner to second Throwing error, E8 Daniel Conner scores Chris Lancaster to second
|
Batting: RHB David Adams
|
0-0: Ball 1-0: Ball 2-0: Ball 3-0: Base on Balls
|
Batting: RHB Ramón Santos
|
0-0: Swinging Strike 0-1: Swinging Strike 0-2: Strikes out swinging
|
Batting: RHB Donnie Bryan
|
0-0: Called Strike 0-1: Ball 1-1: Foul Ball, location: 2F 1-2: Ball 2-2: Ball 3-2: SINGLE (Groundball, 6) (infield hit) Chris Lancaster to third David Adams to second
|
Batting: LHB Brian Lawson
|
0-0: Called Strike 0-1: Ball 1-1: Foul Ball, location: 2F 1-2: Foul Ball, location: 2F 1-2: Strikes out swinging
|
Top of the 2nd over - 1 run(s), 3 hit(s), 1 error(s), 3 left on base; Broken Arrow HS 2 - Indianapolis HS 1 |
BOTTOM OF THE 2ND |
Indianapolis HS Rifles batting - Pitching for Broken Arrow HS : RHP Elvin Pierce
|
Batting: RHB Kevin Robinson
|
0-0: Ball 1-0: Ground out 6-3 (Groundball, 6M)
|
Batting: LHB Benny Marte
|
0-0: Foul Ball, location: 2F 0-1: Ball 1-1: Swinging Strike 1-2: Ball 2-2: Strikes out swinging
|
Batting: RHB Jason Tomlin
|
0-0: Called Strike 0-1: Ball 1-1: SINGLE (Line Drive, 34)
|
Batting: RHB Juan Valdéz
|
0-0: Called Strike 0-1: Foul Ball, location: 2F 0-2: Strikes out swinging
|
Bottom of the 2nd over - 0 run(s), 1 hit(s), 0 error(s), 1 left on base; Broken Arrow HS 2 - Indianapolis HS 1 |
TOP OF THE 3RD |
Broken Arrow HS batting - Pitching for Indianapolis HS Rifles : RHP Elwood Barrett
|
Batting: RHB Bo Long
|
0-0: Called Strike 0-1: Single, Error in OF, E8, batter to second base
|
Batting: RHB James Thompson
|
0-0: Swinging Strike 0-1: Swinging Strike 0-2: Ball 1-2: Strikes out swinging
|
Batting: RHB Daniel Conner
|
0-0: Ball 1-0: Ball 2-0: Called Strike 2-1: Ball 3-1: Ground out 6-3 (Groundball, 6) Bo Long to third
|
Batting: LHB Dennis Montgomery
|
0-0: Swinging Strike 0-1: Called Strike 0-2: Ball 1-2: Ground out 4-3 (Groundball, 4)
|
Top of the 3rd over - 0 run(s), 1 hit(s), 1 error(s), 1 left on base; Broken Arrow HS 2 - Indianapolis HS 1 |
BOTTOM OF THE 3RD |
Indianapolis HS Rifles batting - Pitching for Broken Arrow HS : RHP Elvin Pierce
|
Batting: RHB Lorenzo Camacho
|
0-0: Ground out 5-3 (Groundball, 56S)
|
Batting: RHB Howard Robinson
|
0-0: Called Strike 0-1: Ball 1-1: Ball 2-1: Ball 3-1: Foul Ball, location: 2F 3-2: Base on Balls
|
Batting: LHB James Gibbons
|
0-0: Ball 1-0: Swinging Strike 1-1: SINGLE (Line Drive, 7S) Howard Robinson to second
|
Batting: RHB Dwayne Roldán
|
0-0: Called Strike 0-1: Called Strike Howard Robinson steals 3rd base James Gibbons to second 0-2: Ball 1-2: Strikes out swinging
|
Batting: LHB Dave Sanders
|
0-0: Foul Ball, location: 2F 0-1: Ball 1-1: Ball 2-1: SINGLE (Flyball, 7S) Howard Robinson scores James Gibbons to third Runner from 3rd tries for Home, SAFE, no throw
|
Batting: RHB Kevin Robinson
|
0-0: Foul Ball, location: 2F 0-1: 2-RUN HOME RUN (Flyball, 7LD), Distance : 342 ft
|
Batting: LHB Benny Marte
|
0-0: Foul Ball, location: 2F 0-1: Hit by Pitch
|
Batting: RHB Jason Tomlin
|
0-0: Ball 1-0: Foul Ball, location: 2F 1-1: Ball 2-1: Called Strike 2-2: Fly out, F9 (Flyball, 9LM)
|
Bottom of the 3rd over - 4 run(s), 3 hit(s), 0 error(s), 1 left on base; Broken Arrow HS 2 - Indianapolis HS 5 |
TOP OF THE 4TH |
Broken Arrow HS batting - Pitching for Indianapolis HS Rifles : RHP Elwood Barrett
|
Batting: RHB Chris Lancaster
|
0-0: Ball 1-0: Called Strike 1-1: Ball 2-1: Ball 3-1: Foul Ball, location: 2F 3-2: Base on Balls
|
Batting: RHB David Adams
|
0-0: Swinging Strike 0-1: Swinging Strike 0-2: Strikes out swinging
|
Batting: RHB Ramón Santos
|
0-0: Called Strike 0-1: Called Strike 0-2: Ball 1-2: 2-RUN HOME RUN (Flyball, 7D), Distance : 385 ft
|
Batting: RHB Donnie Bryan
|
0-0: Called Strike 0-1: Foul Ball, location: 2F 0-2: Foul Ball, location: 2F 0-2: Ball 1-2: SINGLE (Groundball, 5D)
|
Pitching: RHP Tim Blair
|
|
Batting: LHB Brian Lawson
|
0-0: Ball 1-0: Swinging Strike 1-1: Foul Ball, location: 2F 1-2: Ball 2-2: Ball 3-2: Hit by Pitch Donnie Bryan to second
|
Batting: RHB Bo Long
|
0-0: Fly out, F6 (Line Drive, 6)
|
Batting: RHB James Thompson
|
0-0: Swinging Strike 0-1: Ball 1-1: Ball 2-1: Swinging Strike 2-2: Foul Ball, location: 2F 2-2: Ball 3-2: Strikes out looking
|
Top of the 4th over - 2 run(s), 2 hit(s), 0 error(s), 2 left on base; Broken Arrow HS 4 - Indianapolis HS 5 |
BOTTOM OF THE 4TH |
Indianapolis HS Rifles batting - Pitching for Broken Arrow HS : RHP Elvin Pierce
|
Batting: RHB Juan Valdéz
|
0-0: Foul Ball, location: 2F 0-1: Ball 1-1: Foul Ball, location: 2F 1-2: Ball 2-2: SOLO HOME RUN (Flyball, 7D), Distance : 382 ft
|
Pitching: RHP Rafael Martínez
|
|
Batting: RHB Lorenzo Camacho
|
0-0: Called Strike 0-1: Ball 1-1: Foul Ball, location: 2F 1-2: Fly out, F9 (Flyball, 9)
|
Batting: RHB Howard Robinson
|
0-0: TRIPLE (Line Drive, 78XD)
|
Batting: LHB James Gibbons
|
0-0: Ball 1-0: Swinging Strike 1-1: Ball 2-1: Ground out U3 (Groundball, 3)
|
Batting: RHB Dwayne Roldán
|
0-0: Foul Ball, location: 2F 0-1: Ball 1-1: Ball 2-1: Foul Ball, location: 2F 2-2: Fly out, F9 (Flyball, 9LS)
|
Bottom of the 4th over - 1 run(s), 2 hit(s), 0 error(s), 1 left on base; Broken Arrow HS 4 - Indianapolis HS 6 |
TOP OF THE 5TH |
Broken Arrow HS batting - Pitching for Indianapolis HS Rifles : RHP Tim Blair
|
Batting: RHB Daniel Conner
|
0-0: Swinging Strike 0-1: Foul Ball, location: 2F 0-2: Ground out 6-3 (Groundball, 6)
|
Batting: LHB Dennis Montgomery
|
0-0: Called Strike 0-1: Ball 1-1: Ball 2-1: Swinging Strike 2-2: Foul Ball, location: 2F 2-2: Foul Ball, location: 2F 2-2: Foul Ball, location: 2F 2-2: Strikes out looking
|
Batting: RHB Chris Lancaster
|
0-0: Called Strike 0-1: Swinging Strike 0-2: Foul Ball, location: 2F 0-2: Ball 1-2: Ball 2-2: SINGLE (Line Drive, 9LS)
|
Batting: RHB David Adams
|
0-0: Called Strike 0-1: Foul Ball, location: 2F 0-2: SINGLE (Line Drive, 8LS) Chris Lancaster to second
|
Batting: RHB Ramón Santos
|
0-0: Ball 1-0: Ball 2-0: Foul Ball, location: 2F 2-1: Fly out, F8 (Flyball, 8RS)
|
Top of the 5th over - 0 run(s), 2 hit(s), 0 error(s), 2 left on base; Broken Arrow HS 4 - Indianapolis HS 6 |
BOTTOM OF THE 5TH |
Indianapolis HS Rifles batting - Pitching for Broken Arrow HS : RHP Rafael Martínez
|
Batting: LHB Dave Sanders
|
0-0: Ground out 4-3 (Groundball, 4)
|
Batting: RHB Kevin Robinson
|
0-0: Called Strike 0-1: Ball 1-1: Ball 2-1: Ball 3-1: Base on Balls
|
Batting: LHB Benny Marte
|
0-0: Ball 1-0: Ball 2-0: Ball 3-0: Base on Balls Kevin Robinson to second
|
Batting: RHB Jason Tomlin
|
0-0: Ball 1-0: Ball 2-0: Ball Wild Pitch! Kevin Robinson to third Benny Marte to second 3-0: Called Strike 3-1: Base on Balls
|
Batting: RHB Juan Valdéz
|
0-0: Foul Ball, location: 2F 0-1: Ball 1-1: Foul Ball, location: 2F 1-2: Ball 2-2: Foul Ball, location: 2F 2-2: Fly out, F4 (Popup, 4)
|
Batting: RHB Lorenzo Camacho
|
0-0: DOUBLE (Flyball, 78XD) Kevin Robinson scores Benny Marte scores Jason Tomlin to third
|
Batting: RHB Howard Robinson
|
0-0: Called Strike 0-1: Ball 1-1: Ball 2-1: Foul Ball, location: 2F 2-2: Foul Ball, location: 2F 2-2: Ball 3-2: DOUBLE (Line Drive, 9LM) Jason Tomlin scores Lorenzo Camacho scores
|
Pitching: RHP Donnie Davenport
|
|
Batting: LHB James Gibbons
|
0-0: Ball Wild Pitch! Howard Robinson to third 1-0: Ball 2-0: Called Strike 2-1: Foul Ball, location: 2F 2-2: Strikes out swinging
|
Bottom of the 5th over - 4 run(s), 2 hit(s), 0 error(s), 1 left on base; Broken Arrow HS 4 - Indianapolis HS 10 |
TOP OF THE 6TH |
Broken Arrow HS batting - Pitching for Indianapolis HS Rifles : RHP Tim Blair
|
Batting: RHB Donnie Bryan
|
0-0: Called Strike 0-1: Foul Ball, location: 2F 0-2: Ball 1-2: Ground out 6-3 (Groundball, 6M)
|
Batting: LHB Brian Lawson
|
0-0: Swinging Strike 0-1: Ball 1-1: Called Strike 1-2: Strikes out swinging
|
Batting: RHB Bo Long
|
0-0: SINGLE (Flyball, 78S)
|
Batting: RHB James Thompson
|
0-0: Ball 1-0: Ball 2-0: Swinging Strike 2-1: Foul Ball, location: 2F 2-2: Strikes out swinging
|
Top of the 6th over - 0 run(s), 1 hit(s), 0 error(s), 1 left on base; Broken Arrow HS 4 - Indianapolis HS 10 |
BOTTOM OF THE 6TH |
Indianapolis HS Rifles batting - Pitching for Broken Arrow HS : RHP Donnie Davenport
|
Batting: RHB Dwayne Roldán
|
0-0: Ball 1-0: Ball 2-0: Ball 3-0: Called Strike 3-1: Fly out, F4 (Popup, 34D)
|
Batting: LHB Dave Sanders
|
0-0: Swinging Strike 0-1: Ball 1-1: Ball 2-1: Foul Ball, location: 2F 2-2: Foul Ball, location: 2F 2-2: Ball 3-2: Foul Ball, location: 2F 3-2: Reached on error, E4 (Groundball, 4)
|
Batting: RHB Kevin Robinson
|
0-0: Ball 1-0: SINGLE (Flyball, 9S) Dave Sanders to second Runner from 2nd tries for 3rd, SAFE, throw made to third
|
Batting: LHB Benny Marte
|
0-0: Ball 1-0: Ball 2-0: Ball 3-0: Called Strike 3-1: Base on Balls Kevin Robinson to second
|
Batting: RHB Jason Tomlin
|
0-0: Swinging Strike 0-1: Called Strike 0-2: Foul Ball, location: 2F 0-2: Ball Wild Pitch! Dave Sanders scores Kevin Robinson to third Benny Marte to second 1-2: Hit by Pitch
|
Batting: RHB Juan Valdéz
|
0-0: Ball 1-0: Called Strike 1-1: Swinging Strike 1-2: Ball 2-2: Ball 3-2: Base on Balls Kevin Robinson scores Benny Marte to third Jason Tomlin to second
|
Batting: RHB Lorenzo Camacho
|
0-0: Foul Ball, location: 2F 0-1: Ball 1-1: Foul Ball, location: 2F 1-2: Ball 2-2: Strikes out swinging
|
Batting: RHB Howard Robinson
|
0-0: Foul Ball, location: 2F 0-1: Foul Ball, location: 2F 0-2: Foul Ball, location: 2F 0-2: Ball 1-2: Foul Ball, location: 2F 1-2: Fly out, F8 (Flyball, 8LM)
|
Bottom of the 6th over - 2 run(s), 1 hit(s), 1 error(s), 3 left on base; Broken Arrow HS 4 - Indianapolis HS 12 |
TOP OF THE 7TH |
Broken Arrow HS batting - Pitching for Indianapolis HS Rifles : RHP Tim Blair
|
Batting: RHB Daniel Conner
|
0-0: Called Strike 0-1: Ball 1-1: Foul Ball, location: 2F 1-2: Ball 2-2: Ground out 6-3 (Groundball, 6S)
|
Pitching: RHP Geoffrey Baker
|
|
Batting: LHB Dennis Montgomery
|
0-0: SINGLE (Groundball, 4) (infield hit)
|
Batting: RHB Chris Lancaster
|
0-0: Ball 1-0: Called Strike 1-1: Foul Ball, location: 2F 1-2: Foul Ball, location: 2F 1-2: Ball 2-2: Ball 3-2: Foul Ball, location: 2F 3-2: Base on Balls Dennis Montgomery to second
|
Batting: RHB David Adams
|
0-0: Grounds into double play, 6-4-3 (Groundball, 6)
|
Top of the 7th over - 0 run(s), 1 hit(s), 0 error(s), 1 left on base; Broken Arrow HS 4 - Indianapolis HS 12 |
BOTTOM OF THE 7TH |
Indianapolis HS Rifles batting - Pitching for Broken Arrow HS : RHP Donnie Davenport
|
Pitching: RHP Gong-sun Wan
|
|
Batting: LHB James Gibbons
|
0-0: Ball 1-0: Ball 2-0: Called Strike 2-1: Foul Ball, location: 2F 2-2: Ball 3-2: Foul Ball, location: 2F 3-2: Base on Balls
|
Batting: RHB Dwayne Roldán
|
0-0: Foul Ball, location: 2F 0-1: SINGLE (Line Drive, 7LS) James Gibbons to second
|
Batting: LHB Dave Sanders
|
0-0: Ball 1-0: Called Strike 1-1: Ball 2-1: Ball 3-1: Base on Balls James Gibbons to third Dwayne Roldán to second
|
Batting: RHB Kevin Robinson
|
0-0: Ball 1-0: Ball 2-0: Called Strike 2-1: Foul Ball, location: 2F 2-2: Ball 3-2: Base on Balls James Gibbons scores Dwayne Roldán to third Dave Sanders to second
|
Batting: LHB Benny Marte
|
0-0: Ball 1-0: Foul Ball, location: 2F 1-1: Ball 2-1: SINGLE (Line Drive, 89M) Dwayne Roldán scores Dave Sanders to third Kevin Robinson to second Runner from 3rd tries for Home, SAFE, throw made home Kevin Robinson to third Benny Marte to second
|
Pitching: RHP James Harmon
|
|
Batting: RHB Jason Tomlin
|
0-0: Ball 1-0: Called Strike 1-1: Foul Ball, location: 2F 1-2: Ball 2-2: Foul Ball, location: 2F 2-2: Foul Ball, location: 2F 2-2: Ball 3-2: Foul Ball, location: 2F 3-2: Foul Ball, location: 2F 3-2: Base on Balls
|
Batting: RHB Juan Valdéz
|
0-0: Called Strike 0-1: Ground out 3-1 (Groundball, 34D) Kevin Robinson scores Benny Marte to third Jason Tomlin to second
|
Batting: RHB Lorenzo Camacho
|
0-0: Ball 1-0: Called Strike 1-1: Ball 2-1: Swinging Strike 2-2: Ball 3-2: SINGLE (Line Drive, 78M) Benny Marte scores Jason Tomlin to third Runner from 3rd tries for Home, SAFE, no throw
|
Batting: RHB Howard Robinson
|
0-0: Called Strike Lorenzo Camacho is caught stealing 2nd base 0-1: Ball 1-1: Foul Ball, location: 2F 1-2: Fly out, F6 (Line Drive, 56)
|
Bottom of the 7th over - 6 run(s), 3 hit(s), 0 error(s), 0 left on base; Broken Arrow HS 4 - Indianapolis HS 18 |
TOP OF THE 8TH |
Broken Arrow HS batting - Pitching for Indianapolis HS Rifles : RHP Geoffrey Baker
|
Batting: RHB Ramón Santos
|
0-0: Ball 1-0: Ball 2-0: Ball 3-0: Called Strike 3-1: Base on Balls
|
Pinch Hitting: LHB Jesús Zamora
|
0-0: Called Strike 0-1: Fly out, F7 (Flyball, 7S)
|
Batting: LHB Brian Lawson
|
0-0: Called Strike 0-1: Called Strike 0-2: Ball 1-2: Foul Ball, location: 2F 1-2: Ball 2-2: 2-RUN HOME RUN (Flyball, 9D), Distance : 401 ft
|
Batting: RHB Bo Long
|
0-0: Ball 1-0: Ball 2-0: Called Strike 2-1: Called Strike 2-2: Ball 3-2: SINGLE (Flyball, 8LS)
|
Batting: RHB James Thompson
|
0-0: Foul Ball, location: 2F 0-1: Foul Ball, location: 2F 0-2: Ball 1-2: Ball 2-2: Single, Error in OF, E7, batter to second base Bo Long to third
|
Batting: RHB Daniel Conner
|
0-0: Ball 1-0: Ball 2-0: Called Strike 2-1: Foul Ball, location: 2F 2-2: Foul Ball, location: 2F 2-2: Ball 3-2: Foul Ball, location: 2F 3-2: Ground out 5-3 (Groundball, 56S) Bo Long scores James Thompson to third
|
Batting: LHB Dennis Montgomery
|
0-0: Swinging Strike 0-1: Swinging Strike 0-2: Strikes out swinging
|
Top of the 8th over - 3 run(s), 3 hit(s), 1 error(s), 1 left on base; Broken Arrow HS 7 - Indianapolis HS 18 |
BOTTOM OF THE 8TH |
Indianapolis HS Rifles batting - Pitching for Broken Arrow HS : RHP James Harmon
|
Now at 3B: Jesús Zamora
|
|
Batting: LHB James Gibbons
|
0-0: Called Strike 0-1: Foul Ball, location: 2F 0-2: Strikes out looking
|
Batting: RHB Dwayne Roldán
|
0-0: Swinging Strike 0-1: Ball 1-1: Swinging Strike 1-2: Strikes out swinging
|
Batting: LHB Dave Sanders
|
0-0: Ball 1-0: Ball 2-0: Ground out 1-3 (Groundball, 13S)
|
Bottom of the 8th over - 0 run(s), 0 hit(s), 0 error(s), 0 left on base; Broken Arrow HS 7 - Indianapolis HS 18 |
TOP OF THE 9TH |
Broken Arrow HS batting - Pitching for Indianapolis HS Rifles : RHP Geoffrey Baker
|
Batting: RHB Chris Lancaster
|
0-0: Foul Ball, location: 2F 0-1: Swinging Strike 0-2: Ball 1-2: Ball 2-2: Fly out, F8 (Flyball, 89D)
|
Batting: RHB David Adams
|
0-0: Foul Ball, location: 2F 0-1: Ball 1-1: Ball 2-1: Ball 3-1: Foul Ball, location: 2F 3-2: SOLO HOME RUN (Flyball, 78XD), Distance : 414 ft
|
Pitching: RHP Ron Boyd
|
|
Batting: RHB Ramón Santos
|
0-0: Ball 1-0: Called Strike 1-1: Ball 2-1: Foul Ball, location: 2F 2-2: Foul Ball, location: 2F 2-2: Strikes out looking
|
Batting: LHB Jesús Zamora
|
0-0: Called Strike 0-1: Ball 1-1: Ball 2-1: Foul Ball, location: 2F 2-2: Ball 3-2: Strikes out swinging
|
Top of the 9th over - 1 run(s), 1 hit(s), 0 error(s), 0 left on base; Broken Arrow HS 8 - Indianapolis HS 18 |
|